 Dungeon Sprint DCSS version 0.28.0-47-ge53b351184 (webtiles) character file.

Game seed: 4722087533685344576

7894 boopmooplesden the Fencer (level 11, -1/117 HPs)
             Began as a Minotaur Berserker on Apr 28, 2022.
             Was the Champion of Trog.
             Slain by Urug
             ... wielding a +5 demon trident
              (31 damage)
             ... in the Dungeon (Sprint III: "The Ten Rune Challenge").
             The game lasted 00:05:30 (2513 turns).

boopmooplesden the Fencer (Minotaur Berserker)      Turns: 2513, Time: 00:05:30

Health: -1/117     AC:  7    Str: 24    XL:     11   Next: 2%
Magic:  10/10      EV: 15    Int:  6    God:    Trog [******]
Gold:   3461       SH:  0    Dex:  9    Spells: 10/10 levels left

rFire   . . .      SeeInvis .   y - +10 quarterstaff of Evisceration {flame, rElec rPois rN+ Dex-5}
rCold   . . .      Faith    .   (shield currently unavailable)
rNeg    + . .      Spirit   .   s - +2 robe {Will+}
rPois   +          Reflect  .   (helmet restricted)
rElec   +          Harm     .   (no cloak)
rCorr   .          Rampage  .   k - +0 pair of gloves
Will    +....      NoTele   +   (no boots)
Stlth   ++++......              (no amulet)
HPRegen 0.29/turn               (no ring)
MPRegen 0.12/turn               (no ring)

@: no status effects
A: horns 2, retaliatory headbutt, thin skeletal structure 1, clever 1, shaggy
fur 1, wild magic 1
a: Renounce Religion, Berserk, Trog's Hand, Brothers in Arms


You were in the Dungeon.
You worshipped Trog.
Trog was exalted by your worship.
You visited 1 branch You collected 3736 gold pieces.
You spent 275 gold pieces at shops.

Inventory:

Hand Weapons
 a - a +0 falchion
 o - a +1 long sword of holy wrath
 r - a +3 scimitar of flaming
 t - a +2 great sword
 u - a +4 antimagic triple sword
 y - the +10 quarterstaff of Evisceration (weapon) {flame, rElec rPois rN+ Dex-5}
   (Trog gifted it to you in the Dungeon)

   It burns those it strikes, dealing additional fire damage.
   Dex:       It affects your dexterity (-5).
   rElec:     It insulates you from electricity.
   rPois:     It protects you from poison.
   rN:        It protects you from negative energy.
Armour
 b - a +0 animal skin
 k - a +0 pair of gloves (worn)
 s - a +2 robe of willpower (worn)
Wands
 q - a wand of iceblast (10)
Scrolls
 h - a scroll of blinking
 i - a scroll of immolation {unknown}
 j - a scroll of silence {unknown}
 l - a scroll of torment {unknown}
 m - a scroll of identify {unknown}
Potions
 c - 2 potions of curing
 d - 2 potions of heal wounds
 e - 4 potions of haste
 f - 2 potions of magic
 g - a potion of berserk rage
 n - a potion of degeneration {unknown}
 v - a potion of might
 w - a potion of flight
 x - a potion of invisibility
 z - a potion of resistance
Miscellaneous
 p - a tin of tremorstones (2/2)


   Skills:
 + Level 17.3 Fighting
 + Level 19.9 Long Blades
 + Level 7.5 Staves
 + Level 8.4 Armour
 + Level 11.5 Dodging
 + Level 6.0 Stealth
 + Level 2.1 Evocations


You had 10 spell levels left.
You didn't know any spells.
Your spell library was empty.

Dungeon Overview and Level Annotations

Branches:
Dungeon (1/1)

Altars:
Cheibriados
Dithmenos
Elyvilon
Fedhas
Gozag
Hepliaklqana
Kikubaaqudgha
Makhleb
Nemelex Xobeh
Okawaru
Qazlal
Ru
Sif Muna
Trog
Uskayaw
Vehumet
Wu Jian
Xom
Yredelemnul
Zin
The Shining One
Beogh
Jiyva
Lugonu

Shops:
D !

Annotations:
D Urug


Innate Abilities, Weirdness & Mutations

You have a pair of horns on your head.
You reflexively headbutt those who attack you in melee.
You have a somewhat thin skeletal structure. (Dex +2, Stealth+)
Your mind is acute. (Int +2)
You are covered in fur. (AC +1)
Your spells are a little harder to cast, but a little more powerful.


Message History

The redback bites you but does no damage.
You sock the redback! You burn the redback.
The redback is almost dead.
The redback bites you. The redback bites you!
You barely miss the redback. Your headbutt misses the redback.
The redback is almost dead.
The redback misses you.
You bludgeon the redback!! You burn the redback.
You kill the redback!
Trog accepts your kill.
You have reached level 11!
You see here a redback corpse.
You start resting.
HP restored.
A redback comes into view.
The helpless redback fails to defend itself.
You beat the redback like a drum!!!
You burn the redback.
You kill the redback!
Trog accepts your kill.
Your Stealth skill increases to level 6!
Urug the Orcish Ballista comes into view.
She is wielding a +5 demon trident.
You see here a redback corpse.
The helpless Urug fails to defend herself.
You bludgeon Urug!! You burn Urug.
Urug is heavily wounded.
Urug hits you with a +5 demon trident!!
You closely miss Urug.
Urug is heavily wounded.
Urug hits you with a +5 demon trident!!
You sock Urug! You burn Urug.
Urug is severely wounded.
Urug hits you with a +5 demon trident!!
You closely miss Urug. Your headbutt misses Urug.
Urug is severely wounded.
Urug hits you with a +5 demon trident!!
* * * LOW HITPOINT WARNING * * *
You sock Urug! You burn Urug. You headbutt Urug, but do no damage.
Urug is almost dead.
Urug hits you with a +5 demon trident!!
You die...

♣.....♣♣♣♣)≈≈........≈≈≈...##.#
♣.≈≈≈≈'♣♣'♣≈≈≈≈≈≈≈≈≈≈≈≈♣♣P.'.#.
+...†.#.≈♣♣♣♣♣♣♣♣♣♣♣♣♣♣♣♣PP##.#
♣♣♣♣♣♣#..♣♣ ♣♣♣# +# ###'♣♣♣♣♣
♣♣♣♣†##..## ♣†..##.##.#
♣♣.##†##†##+ ♣..#)##.@.#
♣♣.##.##.o# ♣♣.##.##### ♣.....#
#######


You could see Urug.

Vanquished Creatures
  A centaur warrior (D)
  Erica (D)
  A lindwurm (D)
  A deep elf pyromancer (D)
  An orc sorcerer (D)
  2 cane toads (D)
  An unseen horror (D)
  A komodo dragon (D)
  A rime drake (D)
  A queen bee (D)
  2 tyrant leeches (D)
  A shadow (D)
  3 wandering mushrooms (D)
  3 redbacks (D)
  A spatial vortex (D)
  A swamp drake (D)
  A necrophage (D)
  2 centaurs (D)
  An earth elemental (D)
  A water elemental (D)
  A scorpion (D)
  32 killer bees (D)
  A jelly (D)
  2 orc priests (D)
  A wizard (D)
  A necromancer (D)
  An orc wizard (D)
  3 humans (D)
  A kobold demonologist (D)
  12 orcs (D)
  2 endoplasms (D)
  2 rats (D)
86 creatures vanquished.

Vanquished Creatures (collateral kills)
  An orc (D)
1 creature vanquished.

Vanquished Creatures (others)
  An orc (D)
1 creature vanquished.

Grand Total: 88 creatures vanquished

Notes
Turn   | Place    | Note
-------+----------+-------------------------------------------
     0 | D        | boopmooplesden the Minotaur Berserker began the quest for
                  | the Orb.
     0 | D        | Reached XP level 1. HP: 19/19 MP: 0/0
    11 | D        | Reached skill level 4 in Long Blades
   134 | D        | Reached ** piety under Trog
   215 | D        | Noticed a scorpion
   221 | D        | Reached skill level 5 in Fighting
   221 | D        | Reached skill level 5 in Long Blades
   221 | D        | Reached XP level 2. HP: 29/29 MP: 1/1
   224 | D        | Killed a scorpion
   225 | D        | Reached skill level 7 in Long Blades
   225 | D        | Reached XP level 3. HP: 39/39 MP: 2/2
   225 | D        | Reached XP level 4. HP: 47/47 MP: 3/3
   242 | D        | Gained mutation: You are dopey. (Int -2) [potion of
                  | mutation]
   242 | D        | Gained mutation: Your natural rate of healing is unusually
                  | fast. [potion of mutation]
   243 | D        | Lost mutation: You are dopey. (Int -2) [potion of mutation]
   243 | D        | Lost mutation: Your natural rate of healing is unusually
                  | fast. [potion of mutation]
   243 | D        | Gained mutation: Your mind is acute. (Int +2) [potion of
                  | mutation]
   243 | D        | Gained mutation: You are frail. (-10% HP) [potion of
                  | mutation]
   244 | D        | Lost mutation: Your mind is acute. (Int +2) [potion of
                  | mutation]
   244 | D        | Lost mutation: You are frail. (-10% HP) [potion of
                  | mutation]
   244 | D        | Gained mutation: You do not regenerate when monsters are
                  | visible. [potion of mutation]
   244 | D        | Gained mutation: You are weak. (Str -2) [potion of
                  | mutation]
   245 | D        | Lost mutation: You do not regenerate when monsters are
                  | visible. [potion of mutation]
   245 | D        | Lost mutation: You are weak. (Str -2) [potion of mutation]
   245 | D        | Gained mutation: Your magical capacity is low. (-10% MP)
                  | [potion of mutation]
   245 | D        | Gained mutation: You are weak. (Str -2) [potion of
                  | mutation]
   246 | D        | Lost mutation: Your magical capacity is low. (-10% MP)
                  | [potion of mutation]
   246 | D        | Lost mutation: You are weak. (Str -2) [potion of mutation]
   246 | D        | Gained mutation: You have hidden genetic potential. [potion
                  | of mutation]
   246 | D        | Gained mutation: Your spells are a little harder to cast,
                  | but a little more powerful. [potion of mutation]
   246 | D        | Gained mutation: You are covered in fur. (AC +1) [potion of
                  | mutation]
   271 | D        | Noticed a water elemental
   275 | D        | Killed a water elemental
   275 | D        | Reached *** piety under Trog
   276 | D        | Reached skill level 8 in Long Blades
   276 | D        | Reached XP level 5. HP: 53/53 MP: 4/4
   308 | D        | Found a basalt altar of Yredelemnul.
   308 | D        | Found a shadowy altar of Dithmenos.
   308 | D        | Found a sacrificial altar of Ru.
   308 | D        | Noticed a necrophage
   312 | D        | Gained mutation: You have a somewhat thin skeletal
                  | structure. (Dex +2, Stealth+) [hidden potential]
   316 | D        | Killed a necrophage
   317 | D        | Reached skill level 10 in Long Blades
   317 | D        | Reached skill level 5 in Armour
   317 | D        | Reached skill level 5 in Dodging
   363 | D        | Found a hide-covered altar of Uskayaw.
   363 | D        | Found an iron altar of Okawaru.
   365 | D        | Found a bloodstained altar of Trog.
   365 | D        | Found an ornate altar of the Wu Jian Council.
   365 | D        | Noticed a human
   365 | D        | Noticed a human
   369 | D        | Killed a human
   370 | D        | Reached skill level 10 in Fighting
   370 | D        | Reached skill level 11 in Long Blades
   370 | D        | Reached XP level 6. HP: 67/67 MP: 5/5
   382 | D        | Killed a human
   382 | D        | Reached **** piety under Trog
   383 | D        | Reached skill level 12 in Long Blades
   383 | D        | Reached XP level 7. HP: 51/74 MP: 6/6
   396 | D        | Gained mutation: Your mind is acute. (Int +2) [hidden
                  | potential]
   396 | D        | Lost mutation: You have hidden genetic potential. [hidden
                  | potential expressed]
   552 | D        | Found a radiant altar of Vehumet.
   552 | D        | Found a shimmering blue altar of Sif Muna.
   552 | D        | Found an ancient bone altar of Kikubaaqudgha.
   724 | D        | Found a glowing silver altar of Zin.
   725 | D        | Found a glowing golden altar of the Shining One.
   725 | D        | Found a white marble altar of Elyvilon.
   725 | D        | Noticed a deep elf pyromancer
   734 | D        | Killed a deep elf pyromancer
   734 | D        | Reached ***** piety under Trog
   735 | D        | Reached skill level 14 in Long Blades
   817 | D        | Noticed a shadow
   820 | D        | Killed a shadow
   821 | D        | Reached XP level 8. HP: 86/86 MP: 7/7
   829 | D        | Found a blossoming altar of Fedhas.
   829 | D        | Found a stormy altar of Qazlal.
   829 | D        | Found a snail-covered altar of Cheibriados.
   829 | D        | Found a burning altar of Makhleb.
   829 | D        | Found a shimmering altar of Xom.
   830 | D        | Found a hazy altar of Hepliaklqana.
   830 | D        | Found an opulent altar of Gozag.
   830 | D        | Found a sparkling altar of Nemelex Xobeh.
   830 | D        | Found a corrupted altar of Lugonu.
   830 | D        | Found a viscous altar of Jiyva.
   843 | D        | Reached skill level 1 in Stealth
   939 | D        | Noticed Erica
   947 | D        | Killed Erica
   948 | D        | Reached skill level 15 in Long Blades
  1118 | D        | Noticed a centaur warrior
  1125 | D        | Killed a centaur warrior
  1125 | D        | Received a gift from Trog
  1126 | D        | Reached skill level 15 in Fighting
  1126 | D        | Reached skill level 16 in Long Blades
  1126 | D        | Reached XP level 9. HP: 97/97 MP: 8/8
  1128 | D        | Reached skill level 17 in Long Blades
  1175 | D        | Found Xied's Distillery.
  1177 | D        | Noticed an orc sorcerer
  1178 | D        | Received a gift from Trog
  1178 | D        | Reached ****** piety under Trog
  1178 | D        | Received a gift from Trog
  1184 | D        | Killed an orc sorcerer
  1251 | D        | Bought a potion of might for 44 gold pieces
  1251 | D        | Bought a potion of flight for 33 gold pieces
  1251 | D        | Bought a potion of invisibility for 88 gold pieces
  1251 | D        | Bought a potion of resistance for 110 gold pieces
  1287 | D        | Killed an unseen horror
  1297 | D        | Noticed a queen bee
  1298 | D        | Received a gift from Trog
  1299 | D        | Reached skill level 18 in Long Blades
  1299 | D        | Reached skill level 10 in Dodging
  1299 | D        | Reached XP level 10. HP: 93/107 MP: 3/9
  1302 | D        | Identified the +10 quarterstaff of Evisceration {flame,
                  | rElec rPois rN+ Dex-5} (Trog gifted it to you in the
                  | Dungeon)
  1302 | D        | Received a gift from Trog
  1306 | D        | Received a gift from Trog
  1310 | D        | Reached skill level 1 in Evocations
  1313 | D        | Received a gift from Trog
  1324 | D        | Reached skill level 19 in Long Blades
  1647 | D        | Reached skill level 1 in Staves
  1825 | D        | Noticed a cane toad
  1825 | D        | Noticed a cane toad
  1835 | D        | Received a gift from Trog
  1838 | D        | Killed a cane toad
  1839 | D        | Reached skill level 5 in Stealth
  1842 | D        | Killed a cane toad
  2177 | D        | Reached skill level 5 in Staves
  2287 | D        | Noticed a lindwurm
  2295 | D        | Killed a lindwurm
  2295 | D        | Received a gift from Trog
  2300 | D        | Reached XP level 11. HP: 58/117 MP: 10/10
  2507 | D        | Noticed Urug
  2513 | D        | Slain by Urug

Illustrated notes

Levels and vault maps discovered:
D:        dungeon_sprint_mu [sprint_mu_entry_cave, sprint_mu_temple_rooms,
          sprint_mu_d1_horrors, sprint_mu_d2_genie, sprint_mu_d3_branching,
          sprint_mu_orc_legion, sprint_mu_elf_gauntlet, sprint_mu_hive_nellie,
          sprint_mu_lair_fedhas, sprint_mu_vaults_butterflies,
          sprint_mu_slime_circle, sprint_mu_swamp_cave, sprint_mu_shoals_kraken,
          sprint_mu_blade_basic, sprint_mu_crypt_fortress,
          sprint_mu_tomb_spiral, sprint_mu_vestibule_basic,
          sprint_mu_gehenna_hellfire, sprint_mu_dis_giant,
          sprint_mu_tartarus_statrot, sprint_mu_cocytus_islands, sprint_mu_zot1]

Skill      XL: |  1  2  3  4  5  6  7  8  9 10 11 |
---------------+----------------------------------+-----
Fighting       | 5 7 8 10 11 13 15 16 17 | 17.3
Long Blades    | 5 7 8 11 12 14 16 18 19 | 19.9
Armour         | 3 4 5 6 7 8 |  8.4
Dodging        | 3 4 5 6 7 9 10 11 | 11.5
Stealth        | 2 4 5 6 |  6.0
Evocations     | 2 |  2.1
Staves         | 7 |  7.5

Action                   |  1- 3 |  4- 6 |  7- 9 | 10-12 || total
-------------------------+-------+-------+-------+-------++-------
Melee: Falchion          |    10 |    24 |     7 |       ||    41
       Headbutt          |     4 |     3 |    13 |    13 ||    33
       Long sword        |       |       |    13 |       ||    13
       Scimitar          |       |       |    17 |       ||    17
       Punch             |       |       |     1 |       ||     1
       Triple sword      |       |       |     5 |    21 ||    26
       Quarterstaff      |       |       |       |    61 ||    61
Invok: Berserk           |     1 |     3 |     5 |     2 ||    11
       Trog's Hand       |       |       |     1 |       ||     1
       Brothers in Arms  |       |       |     1 |       ||     1
Evoke: Tin of tremorston |       |       |     3 |     1 ||     4
  Use: Potion            |       |     5 |       |       ||     5
 Stab: Sleeping          |       |       |     2 |     8 ||    10
Armor: Animal skin       |       |       |     1 |       ||     1
       Robe              |       |       |    12 |    15 ||    27
Dodge: Dodged            |     7 |    10 |    27 |    52 ||    96
